Map: Echo of the past

Players

Tesla - Winner!

  • Race: Protoss Protoss

JPlex - Winner!

  • Race: Protoss Protoss
  • League: Diamond

RainTruth - Winner!

  • Race: Terran Terran
  • League: Master

Zaur

  • Race: Zerg Zerg
  • League: Gold

chIller

  • Race: Terran Terran

Santos

  • Race: Terran Terran

VOD

Have the link to the VOD?

Description

Time

  • Played on: Aug. 8, 2016, 11:25 a.m.
  • Length: 12:02
Show
View Real Time Build Order
Export as new Build Order

Tesla Protoss - Winner!

Build Orders:  

Get SALT Encoding   

  12  0:01  Probe (Chrono Boost)  
  13  0:12  Probe (Chrono Boost)  
  14  0:20  Pylon  
  14  0:22  Probe (Chrono Boost)  
  15  0:39  Probe (Chrono Boost)  
  16  0:43  Gateway  
  16  0:46  Assimilator  
  16  0:49  Probe (Chrono Boost)  
  17  0:55  Assimilator  
  17  1:00  Probe (Chrono Boost)  
  18  1:10  Probe (Chrono Boost)  
  19  1:21  Probe (Chrono Boost)  
  20  1:34  Probe (Chrono Boost)  
  21  1:47  Probe (Chrono Boost)  
  21  1:51  Nexus  
  22  1:55  Assimilator  
  22  1:58  Pylon x2  
  22  2:00  Probe (Chrono Boost)  
  23  2:13  Cybernetics Core  
  23  2:17  Pylon  
  23  2:20  Probe (Chrono Boost)  
  24  2:29  Zealot  
  26  2:31  Probe (Chrono Boost)  
  26  2:34  Warp Gate  
  27  2:42  Probe (Chrono Boost)  
  28  2:54  Probe (Chrono Boost)  
  28  2:56  Stalker  
  31  3:01  Forge  
  32  3:06  Probe (Chrono Boost)  
  32  3:09  Probe (Chrono Boost)  
  33  3:18  Probe (Chrono Boost)  
  33  3:19  Probe (Chrono Boost)  
  34  3:22  Protoss Ground Weapons Level 1  
  34  3:29  Stalker  
  34  3:30  Probe (Chrono Boost)  
  34  3:31  Mothership Core (Chrono Boost)  
  40  3:42  Probe (Chrono Boost)  
  40  3:51  Probe (Chrono Boost)  
  40  3:55  Probe (Chrono Boost)  
  42  3:59  Stalker  
  45  4:03  Probe (Chrono Boost)  
  45  4:07  Probe (Chrono Boost)  
  46  4:15  Probe (Chrono Boost)  
  47  4:19  Probe (Chrono Boost)  
  47  4:23  Twilight Council  
  48  4:27  Probe (Chrono Boost)  
  48  4:31  Probe (Chrono Boost)  
  50  4:32  Gateway  
  50  4:34  Stalker, Pylon  
  50  4:35  Pylon  
  53  4:39  Probe (Chrono Boost)  
  53  4:43  Probe (Chrono Boost)  
  54  4:52  Probe (Chrono Boost)  
  55  4:55  Probe (Chrono Boost)  
  56  5:01  Protoss Ground Armor Level 1, Blink  
  56  5:04  Probe (Chrono Boost)  
  58  5:07  Probe (Chrono Boost)  
  58  5:16  Probe (Chrono Boost)  
  58  5:19  Probe (Chrono Boost)  
  60  5:27  Assimilator  
  60  5:28  Probe (Chrono Boost)  
  61  5:29  Stalker  
  61  5:30  Probe (Chrono Boost)  
  61  5:31  Pylon  
  64  5:40  Probe (Chrono Boost)  
  64  5:41  Probe (Chrono Boost)  
  66  5:50  Stalker  
  66  5:51  Probe (Chrono Boost)  
  66  5:52  Probe (Chrono Boost), Nexus  
  66  5:56  Assimilator  
  70  6:00  Assimilator  
  70  6:03  Pylon  
  70  6:04  Probe (Chrono Boost), Stalker  
  73  6:05  Gateway  
  73  6:06  Gateway  
  73  6:09  Pylon  
  73  6:11  Pylon  
  73  6:18  Stalker  
  75  6:26  Robotics Facility  
  75  6:27  Probe (Chrono Boost)  
  75  6:28  Probe (Chrono Boost)  
  75  6:29  Stargate  
  75  6:31  Pylon  
  77  6:34  Stalker  
  77  6:37  Protoss Ground Weapons Level 2  
  79  6:42  Probe (Chrono Boost)  
  79  6:45  Adept  
  82  6:54  Probe (Chrono Boost)  
  81  6:58  Stalker  
  83  7:02  Resonating Glaives  
  83  7:06  Probe (Chrono Boost)  
  80  7:11  Probe (Chrono Boost)  
  80  7:12  Probe (Chrono Boost)  
  80  7:13  Stalker x2  
  80  7:14  Stalker  
  88  7:16  Immortal  
  88  7:22  Probe (Chrono Boost)  
  93  7:25  Probe (Chrono Boost)  
  93  7:29  Stalker  
  96  7:30  Void Ray  
  96  7:33  Probe (Chrono Boost)  
  96  7:35  Probe (Chrono Boost)  
  102  7:43  Stalker  
  102  7:44  Stalker x2  
  108  7:46  Gateway, Probe (Chrono Boost)  
  108  7:47  Gateway  
  108  7:49  Pylon  
  109  7:53  Pylon  
  109  7:55  Observer  
  109  7:57  Stalker  
  108  8:09  Stalker x3  
  100  8:13  Void Ray  
  100  8:17  Observer  
  99  8:23  Stalker  
  99  8:34  Adept x3  
  101  8:38  Immortal  
  109  8:43  Protoss Ground Weapons Level 3  
  109  8:49  Stalker x2  
  109  8:50  Stalker  
  115  8:56  Gateway, Void Ray  
  115  8:58  Gateway  
  115  8:59  Pylon  
  115  9:00  Stalker x2  
  115  9:01  Gateway  
  109  9:27  Adept x6  
  111  9:36  Mothership Core (Chrono Boost)  
  111  9:37  Immortal  
  115  9:39  Void Ray  
  119  9:51  Stalker x6  
  127  10:09  Adept  
  127  10:10  Adept x2  
  133  10:16  Immortal  
  121  10:38  Stalker  
  121  10:39  Stalker x8  
  125  10:46  Void Ray  
  127  10:56  Immortal  
  131  11:04  Adept  
  131  11:05  Adept x6  
  141  11:24  Stalker x2  
  149  11:42  Adept x4  
Show
View Real Time Build Order
Export as new Build Order

JPlex Protoss - Winner!

Build Orders:  

Get SALT Encoding   

  12  0:02  Probe (Chrono Boost)  
  13  0:13  Probe (Chrono Boost)  
  14  0:21  Pylon  
  14  0:24  Probe (Chrono Boost)  
  15  0:39  Probe (Chrono Boost)  
  16  0:44  Gateway  
  16  0:46  Assimilator  
  16  0:52  Assimilator  
  16  0:53  Probe (Chrono Boost)  
  18  1:04  Probe (Chrono Boost)  
  18  1:14  Probe (Chrono Boost)  
  18  1:15  Gateway  
  19  1:25  Probe (Chrono Boost)  
  20  1:34  Cybernetics Core  
  20  1:35  Probe (Chrono Boost)  
  21  1:46  Probe (Chrono Boost)  
  22  1:53  Pylon  
  22  1:57  Probe (Chrono Boost)  
  23  2:01  Warp Gate  
  23  2:15  Robotics Facility  
  23  2:19  Mothership Core (Chrono Boost), Pylon  
  25  2:27  Stalker  
  27  2:32  Stalker  
  29  2:42  Probe (Chrono Boost)  
  30  2:46  Pylon  
  30  2:54  Probe (Chrono Boost)  
  31  3:04  Warp Prism  
  34  3:06  Probe (Chrono Boost)  
  34  3:13  Stalker  
  34  3:15  Stalker  
  38  3:43  Probe (Chrono Boost)  
  40  4:18  Probe (Chrono Boost)  
  40  4:31  Probe (Chrono Boost), Immortal  
  41  4:39  Nexus  
  41  4:42  Pylon  
  41  4:43  Probe (Chrono Boost)  
  37  5:10  Probe (Chrono Boost)  
  38  5:15  Stalker x2  
  43  5:23  Probe (Chrono Boost)  
  43  5:35  Probe (Chrono Boost)  
  44  5:36  Gateway  
  44  5:38  Immortal  
  44  5:42  Gateway  
  48  5:44  Pylon  
  48  5:45  Pylon  
  48  5:47  Pylon  
  50  5:51  Mothership Core (Chrono Boost)  
  50  5:53  Stalker  
  50  5:54  Stalker  
  50  5:56  Probe (Chrono Boost)  
  55  6:01  Twilight Council  
  55  6:06  Probe (Chrono Boost)  
  55  6:10  Probe (Chrono Boost)  
  57  6:14  Observer  
  58  6:22  Probe (Chrono Boost)  
  58  6:24  Stalker x2  
  59  6:45  Blink  
  59  6:47  Probe (Chrono Boost)  
  59  6:49  Probe (Chrono Boost)  
  61  6:58  Probe (Chrono Boost), Immortal, Dark Shrine  
  61  7:00  Gateway  
  61  7:01  Probe (Chrono Boost)  
  67  7:04  Stalker  
  67  7:05  Stalker  
  71  7:08  Probe (Chrono Boost)  
  71  7:11  Assimilator  
  71  7:13  Probe (Chrono Boost), Assimilator  
  73  7:19  Probe (Chrono Boost)  
  74  7:28  Stalker  
  76  7:30  Stalker  
  78  7:37  Immortal  
  82  7:45  Nexus  
  82  7:48  Probe (Chrono Boost)  
  65  8:31  Probe (Chrono Boost)  
  65  8:33  Stalker x2  
  70  8:43  Probe (Chrono Boost)  
  70  8:47  Nexus  
  71  8:59  Probe (Chrono Boost)  
  71  9:00  Pylon  
  71  9:01  Pylon  
  72  9:06  Probe (Chrono Boost)  
  74  9:11  Probe (Chrono Boost)  
  74  9:17  Pylon  
  73  9:23  Probe (Chrono Boost)  
  71  9:42  Mothership Core (Chrono Boost)  
  73  9:46  Probe (Chrono Boost)  
  71  9:57  Probe (Chrono Boost)  
  70  10:01  Probe (Chrono Boost)  
  63  10:07  Probe (Chrono Boost)  
  63  10:09  Dark Templar x2  
  63  10:10  Dark Templar x2  
  63  10:12  Probe (Chrono Boost)  
  63  10:13  Probe (Chrono Boost)  
  74  10:18  Probe (Chrono Boost)  
  75  10:22  Probe (Chrono Boost)  
  75  10:26  Probe (Chrono Boost)  
  77  10:28  Probe (Chrono Boost)  
  77  10:33  Probe (Chrono Boost)  
  79  10:36  Assimilator  
  79  10:38  Probe (Chrono Boost)  
  79  10:39  Probe (Chrono Boost)  
  79  10:40  Assimilator  
  81  10:43  Probe (Chrono Boost)  
  84  10:50  Probe x2 (Chrono Boost)  
  84  10:53  Dark Templar x2  
  84  10:54  Probe (Chrono Boost), Dark Templar x2  
  93  11:02  Probe (Chrono Boost)  
  94  11:12  Stalker  
  96  11:33  Dark Templar x2  
  96  11:34  Dark Templar x2  
Show
View Real Time Build Order
Export as new Build Order

RainTruth Terran - Winner!

Build Orders:  

Get SALT Encoding   

  12  0:05  SCV  
  13  0:17  SCV  
  14  0:22  Supply Depot  
  14  0:29  SCV  
  15  0:41  Refinery  
  15  0:43  SCV  
  16  0:50  Barracks  
  16  0:55  SCV  
  17  1:07  SCV  
  18  1:20  SCV  
  20  1:37  Refinery  
  20  1:38  Reaper  
  21  1:43  Orbital Command  
  20  1:55  Command Center  
  20  2:07  Factory  
  20  2:14  Reaper  
  21  2:19  SCV  
  22  2:27  Supply Depot  
  22  2:31  SCV  
  23  2:46  Supply Depot  
  23  2:49  SCV  
  25  2:51  Hellion  
  25  2:57  Barracks Reactor  
  26  3:01  SCV  
  27  3:08  Orbital Command  
  27  3:13  SCV  
  27  3:15  Supply Depot  
  27  3:41  SCV x2  
  28  3:53  SCV  
  25  4:13  Hellion x2  
  25  4:15  SCV x2  
  31  4:23  Factory  
  31  4:25  Factory  
  31  4:30  SCV x2  
  33  4:34  Hellion x2  
  33  4:36  Supply Depot  
  33  4:37  Supply Depot  
  37  4:42  SCV  
  38  5:06  SCV x2  
  40  5:14  Factory Tech Lab  
  40  5:15  Factory Tech Lab  
  40  5:18  Starport, SCV x2  
  42  5:22  Starport  
  42  5:30  SCV x2  
  44  5:42  SCV x2  
  46  5:47  Supply Depot, Cyclone x2  
  46  5:48  Supply Depot  
  46  5:49  Supply Depot  
  54  5:53  Refinery  
  54  5:54  Refinery, SCV x2  
  56  6:03  Mag-Field Accelerator  
  56  6:05  Infernal Pre-Igniter  
  56  6:06  SCV  
  56  6:07  SCV  
  58  6:12  Command Center  
  58  6:18  SCV  
  58  6:19  SCV  
  60  6:30  SCV  
  60  6:31  SCV  
  62  6:33  Starport Reactor  
  62  6:34  Starport Tech Lab  
  62  6:42  SCV  
  62  6:43  SCV  
  64  6:55  SCV  
  64  7:00  Command Center  
  65  7:04  Liberator x2  
  65  7:21  Fusion Core  
  65  7:22  Cyclone  
  75  7:23  Hellion  
  75  7:24  Hellion x2  
  75  7:25  Orbital Command  
  81  7:31  Supply Depot  
  81  7:45  Hellion x3  
  81  7:48  Supply Depot  
  81  7:50  Supply Depot x2  
  87  7:54  Liberator x2  
  87  7:55  Hellion  
  87  7:56  Orbital Command  
  89  8:06  Hellion  
  89  8:09  Advanced Ballistics  
  89  8:10  Supply Depot  
  97  8:14  Supply Depot  
  97  8:16  Supply Depot  
  95  8:44  Supply Depot  
  95  9:00  SCV  
  95  9:01  SCV x3  
  99  9:04  Engineering Bay  
  99  9:07  Refinery  
  99  9:09  Refinery  
  99  9:10  Cyclone x2  
  99  9:12  SCV  
  99  9:13  SCV x3  
  111  9:25  SCV x4  
  111  9:26  Factory  
  111  9:29  Factory  
  115  9:37  SCV x4  
  119  9:42  Command Center, Liberator x2  
  119  9:43  Command Center, Liberator  
  119  9:49  SCV x4  
  126  10:01  Hellion  
  126  10:02  Hellion x3  
  126  10:06  Planetary Fortress  
  140  10:25  Liberator  
  141  10:57  Cyclone x2  
  141  10:58  Armory, Hellion  
  141  10:59  Hellion x3  
  141  11:00  Armory  
  153  11:20  Hellion x4  
  159  11:29  Hellion, Cyclone  
Show
View Real Time Build Order
Export as new Build Order

Zaur Zerg 

Build Orders: Hatch First 

Get SALT Encoding   

  12  0:02  Drone  
  13  0:08  Drone  
  14  0:41  Overlord  
  14  0:52  Hatchery  
  14  0:54  Drone  
  14  1:00  Drone, Extractor  
  14  1:01  Drone  
  15  1:15  Drone  
  16  1:20  Spawning Pool  
  16  1:21  Drone  
  16  1:27  Drone, Extractor  
  16  1:37  Drone  
  17  1:49  Drone  
  18  2:05  Drone x2  
  20  2:09  Lair  
  20  2:12  Queen  
  22  2:19  Drone  
  23  2:29  Spine Crawler  
  22  2:35  Spore Crawler  
  21  2:40  Drone x2  
  23  2:47  Drone x2  
  23  2:48  Drone  
  26  2:59  Zergling x2  
  27  3:06  Drone  
  27  3:09  Overlord x2  
  28  3:20  Metabolic Boost  
  28  3:27  Hydralisk Den  
  27  3:44  Spine Crawler  
  27  3:47  Spine Crawler  
  25  3:56  Drone x3  
  28  4:11  Queen  
  28  4:13  Pneumatized Carapace  
  28  4:15  Lurker Den  
  30  4:22  Evolution Chamber  
  29  4:27  Evolution Chamber  
  29  4:38  Drone x3  
  29  4:39  Drone x2  
  29  4:45  Hydralisk x3  
  38  4:57  Zerg Missile Weapons Level 1  
  38  4:58  Zerg Ground Armor Level 1  
  38  5:06  Spore Crawler  
  37  5:11  Zergling x8  
  37  5:12  Zergling x2  
  42  5:45  Nydus Network  
  42  5:48  Hydralisk  
  43  5:54  Overlord x5  
  43  6:02  Spore Crawler  
  42  6:04  Extractor  
  41  6:13  Spore Crawler  
  41  6:17  Drone x6  
  46  6:42  Lurker  
  46  6:44  Lurker  
  48  6:51  Extractor  
  39  7:12  Hydralisk x5  
  39  7:13  Hydralisk x5  
  59  7:32  Zerg Missile Weapons Level 2  
  59  7:44  Zerg Ground Armor Level 2  
  59  7:56  Zergling x10  
  59  7:57  Zergling x8  
  42  8:45  Hydralisk x2  
  42  8:46  Hydralisk x6  
  42  8:47  Hydralisk  
  55  9:27  Extractor x2  
  55  9:31  Zergling x12  
  56  9:32  Zergling x10  
  56  9:36  Spore Crawler  
  35  10:47  Hydralisk x2  
  35  10:48  Hydralisk  
  31  10:58  Spore Crawler  
  31  11:03  Spore Crawler  
  23  11:13  Nydus Canal  
  14  11:43  Spore Crawler  
  14  11:44  Spore Crawler  
Show
View Real Time Build Order
Export as new Build Order

chIller Terran 

Build Orders: MMM Bio 

Get SALT Encoding   

  12  0:01  SCV  
  13  0:13  SCV  
  14  0:19  Supply Depot  
  14  0:25  SCV  
  15  0:35  Refinery  
  15  0:42  Barracks  
  15  0:45  SCV  
  16  0:57  SCV  
  17  1:09  SCV  
  18  1:21  SCV  
  19  1:29  Marine  
  20  1:34  Orbital Command  
  20  1:37  Factory  
  20  1:43  Supply Depot  
  20  1:55  Barracks Reactor  
  20  2:00  SCV  
  21  2:15  Command Center  
  21  2:20  SCV  
  21  2:42  Hellion x2  
  24  2:45  Supply Depot  
  24  2:46  Barracks Tech Lab  
  24  2:50  SCV  
  25  3:01  Barracks  
  25  3:03  Hellion x2  
  25  3:05  Engineering Bay  
  29  3:08  SCV  
  29  3:12  Stimpack  
  28  3:33  SCV  
  29  3:36  Marine  
  29  3:38  Missile Turret  
  29  3:39  Barracks  
  28  3:52  Factory Tech Lab  
  26  4:04  Marine x2  
  26  4:09  Orbital Command  
  26  4:11  Siege Tank  
  29  4:19  Missile Turret x2  
  29  4:22  Marine x2, Terran Infantry Weapons Level 1  
  31  4:40  Marine x2  
  31  4:41  Marauder  
  31  4:42  Barracks Tech Lab  
  34  4:47  SCV x2  
  36  4:59  SCV x2  
  36  5:10  Missile Turret  
  36  5:11  SCV  
  36  5:12  Marine, SCV, Marauder  
  41  5:22  Refinery  
  41  5:23  SCV  
  42  5:28  Starport  
  42  5:29  Marine x2  
  42  5:30  Marine, SCV  
  42  5:35  Bunker  
  46  5:40  SCV  
  47  5:42  SCV  
  48  5:52  SCV  
  48  5:53  Combat Shields  
  48  5:54  Marine x2  
  48  5:55  SCV  
  52  6:03  Concussive Shells  
  52  6:04  SCV  
  52  6:07  SCV, Supply Depot  
  52  6:08  Starport Reactor  
  54  6:16  Supply Depot  
  54  6:18  Missile Turret  
  54  6:24  Supply Depot  
  54  6:29  Marine, SCV x2, Marauder x2  
  60  6:41  SCV x2  
  60  6:46  Medivac  
  64  6:53  Marine x2, Refinery  
  64  6:54  Refinery  
  66  6:56  Marine x2, Medivac  
  70  7:05  Supply Depot  
  70  7:11  Marine x2  
  70  7:12  Supply Depot  
  70  7:14  Marine x2  
  74  7:18  Barracks  
  74  7:23  Siege Tank  
  74  7:26  SCV x2  
  74  7:28  Marine  
  74  7:29  Marine  
  81  7:30  Supply Depot  
  81  7:32  Marine, Supply Depot  
  82  7:38  SCV  
  82  7:39  Marauder  
  85  7:44  Medivac x2  
  85  7:46  Marine x2  
  86  8:10  Marine  
  86  8:11  Marine x2, Marauder x2  
  86  8:12  Siege Tank  
  90  8:14  Medivac  
  72  8:25  Supply Depot  
  72  8:28  Marine  
  72  8:29  Marine  
  72  8:31  Marine  
  72  8:32  Marine x2  
  77  8:36  Terran Infantry Armor Level 1  
  77  8:46  Marine x2  
  79  8:49  Marine, Barracks  
  79  8:50  Marine, Marauder  
  82  9:04  Marine x2  
  82  9:06  Marine  
  82  9:08  Marauder  
  87  9:10  Armory  
  87  9:11  Marauder  
  87  9:22  Marine x2  
  69  9:24  Marine  
  69  9:29  Marine  
  53  9:32  Marine  
  49  9:40  Marine x2  
  49  9:42  Marine  
  49  9:47  Marine  
  27  10:55  Viking  
Show
View Real Time Build Order
Export as new Build Order

Santos Terran 

Build Orders:  

Get SALT Encoding   

  12  0:02  SCV  
  13  0:14  SCV  
  14  0:29  SCV, Supply Depot  
  15  0:44  Refinery  
  15  0:51  SCV  
  15  0:53  Supply Depot  
  15  0:55  Barracks  
  16  1:03  SCV  
  17  1:15  SCV  
  18  1:22  Barracks  
  18  1:27  SCV  
  19  1:39  SCV  
  20  1:40  Refinery  
  20  1:43  Barracks Reactor  
  20  1:48  Barracks  
  20  2:01  SCV  
  21  2:10  Barracks Reactor  
  21  2:13  SCV  
  22  2:21  Marine x2  
  22  2:22  Bunker  
  24  2:26  SCV  
  25  2:43  Reaper x2  
  27  2:47  Barracks Reactor  
  27  2:52  SCV  
  27  2:53  Marine x2  
  30  3:04  SCV  
  31  3:16  Supply Depot  
  31  3:31  Supply Depot  
  31  3:35  Factory  
  31  3:37  Marine x4  
  35  3:49  Bunker  
  35  3:59  Command Center  
  35  4:10  Marine x2  
  35  4:11  Marine x2  
  39  4:19  Supply Depot  
  39  4:21  Factory Tech Lab  
  39  4:25  SCV  
  38  4:57  Siege Tank  
  39  5:02  Factory  
  39  5:03  SCV  
  39  5:04  Marine x2  
  39  5:05  Marine x3  
  39  5:06  Marine  
  46  5:20  Engineering Bay  
  46  5:21  SCV  
  47  5:33  SCV  
  48  5:45  SCV  
  48  5:47  Marine x5  
  54  5:56  Barracks  
  54  5:57  SCV  
  55  6:09  SCV  
  55  6:10  Siege Tank  
  59  6:13  Factory Reactor  
  59  6:21  SCV  
  60  6:37  SCV  
  61  6:45  Marine x4  
  65  6:48  Siege Tank  
  65  6:49  SCV  
  65  6:53  Widow Mine x2  
  70  7:00  Supply Depot  
  70  7:22  SCV  
  71  7:30  Refinery  
  71  7:31  Marine  
  71  7:34  SCV  
  71  7:35  Engineering Bay  
  73  7:46  SCV  
  73  7:49  Marine  
  75  7:59  Siege Tank  
  75  8:05  Supply Depot  
  78  8:26  Widow Mine x2  
  80  8:47  SCV  
  80  8:51  Terran Infantry Weapons Level 1  
  80  8:56  Terran Infantry Armor Level 1  
  80  8:59  SCV, Supply Depot  
  81  9:11  Supply Depot  
  81  9:15  Siege Tank  
  81  9:16  Marine x2  
  86  9:21  Marine x3  
  69  10:11  Marine x6  
  76  10:14  Siege Tank  
  76  10:16  Widow Mine  
  76  10:17  Widow Mine  
  76  10:20  Supply Depot  
  80  10:30  Missile Turret  
  66  10:46  Siege Tank  
  67  10:59  Marine x4  
  67  11:00  Marine x2  
Tags
 
Add a new tag
Caveats
  • Supply blocks, unpowered buildings, or Contaminate may cause inaccurate times.
  • Supply counts are checked every 10 seconds.